 Dungeon Crawl Stone Soup version 0.30-a0-570-g486de37d69 (webtiles) character file.

Game seed: 3692568010453679489

2532 wilfster70 the Frost Mage (level 9, -4/66 HPs)
             Began as a Gnoll Ice Elementalist on Dec 29, 2022.
             Was a Priest of Okawaru.
             Slain by an orc warlord
             ... wielding a +2 battleaxe
              (29 damage)
             ... in a bailey.
             The game lasted 00:21:17 (6241 turns).

wilfster70 the Frost Mage (Gnoll Ice Elementalist)  Turns: 6241, Time: 00:21:17

Health: -4/66      AC: 16    Str: 13    XL:     9   Next: 55%
Magic:  12/19      EV: 16    Int: 20    God:    Okawaru [***...]
Gold:   263        SH:  0    Dex: 12    Spells: 11/21 levels left

rFire   . . .      SeeInvis .    a - +2 short sword (venom)
rCold   . . .      Faith    .    (no shield)
rNeg    . . .      Spirit   .    p - +0 steam dragon scales
rPois   .          Reflect  .    (no helmet)
rElec   .          Harm     .    g - +0 cloak
rCorr   .          Rampage  .    (no gloves)
Will    .....                    (no boots)
Stlth   +++++                    (no amulet)
HPRegen 0.31/turn                k - +6 ring of strength
MPRegen 0.16/turn                (no ring)

@: ice-armoured, heroic, freezing walls
A: fangs 1, strong nose, distributed training
a: Renounce Religion, Heroism


You were in a bailey.
You worshipped Okawaru.
Okawaru was most pleased with you.
You visited 1 branch of the dungeon, and saw 7 of its levels.
You also visited: Bailey.

You collected 263 gold pieces.

Inventory:

Hand Weapons
 a - a +2 short sword of venom (weapon)
 z - a +4 war axe
Missiles
 e - 6 silver javelins
 i - 33 boomerangs
 m - 10 poisoned darts
Armour
 d - a +0 robe
 g - a +0 cloak (worn)
 p - +0 steam dragon scales (worn)
 r - a +1 ring mail of cold resistance
Jewellery
 k - a +6 ring of strength (left hand)
Wands
 l - a wand of polymorph (14)
Scrolls
 q - a scroll of noise {unknown}
 u - a scroll of fear
 v - 3 scrolls of brand weapon
 w - 2 scrolls of butterflies {unknown}
 x - a scroll of fog {unknown}
 y - a scroll of teleportation {unknown}
 A - a scroll of magic mapping
Potions
 b - 6 potions of magic
 c - 2 potions of brilliance
 f - 2 potions of might
 h - a potion of invisibility
 j - 2 potions of heal wounds
 n - a potion of mutation {unknown}
 o - a potion of lignification {unknown}
 s - 3 potions of haste {unknown}
 t - a potion of curing {unknown}


   Skills:
 + Level 4.5(9.5) Fighting
 + Level 4.5(9.5) Short Blades
 + Level 4.5(9.5) Long Blades
 + Level 4.5(9.5) Axes
 + Level 4.5(9.5) Maces & Flails
 + Level 4.5(9.5) Polearms
 + Level 4.5(9.5) Staves
 + Level 4.5(9.5) Ranged Weapons
 + Level 4.5(9.5) Throwing
 + Level 4.5(9.5) Armour
 + Level 6.5(11.5) Dodging
 + Level 6.2(11.2) Stealth
 + Level 4.5(9.5) Shields
 + Level 4.5(9.5) Unarmed Combat
 + Level 6.8 Spellcasting
 + Level 3.7 Conjurations
 + Level 3.7 Hexes
 + Level 3.7 Summonings
 + Level 3.7 Necromancy
 + Level 3.7 Translocations
 + Level 3.7 Transmutations
 + Level 3.7 Fire Magic
 + Level 8.1 Ice Magic
 + Level 3.7 Air Magic
 + Level 3.7 Earth Magic
 + Level 3.7 Poison Magic
 + Level 5.0 Invocations
 + Level 4.5 Evocations


You had 11 spell levels left.
You knew the following spells:

 Your Spells              Type           Power      Damage    Failure   Level
a - Freeze                Ice            100%       1d10      1%          1
b - Frozen Ramparts       Ice            78%        1d12      1%          3
c - Ozocubu's Armour      Ice            39%        N/A       1%          3
d - Hailstorm             Conj/Ice       30%        3d8       2%          3

Your spell library contained the following spells:

 Spells                   Type           Power      Damage    Failure   Level
 Magic Dart               Conj           84%        1d7       1%          1
 Cigotuvi's Dreadful Rot  Necr/Pois/Air  42%        N/A       3%          2
 Poisonous Vapours        Pois/Air       42%        N/A       3%          2
 Searing Ray              Conj           42%        2d6       3%          2
 Mephitic Cloud           Conj/Pois/Air  21%        N/A       6%          3
 Portal Projectile        Hex/Tloc       42%        N/A       6%          3
 Vhi's Electric Charge    Tloc/Air       42%        N/A       6%          3
 Fulminant Prism          Conj/Hex       10%        3d8       21%         4
 Leda's Liquefaction      Hex/Erth       10%        N/A       21%         4
 Arcjolt                  Conj/Air       10%        1d20      50%         5
 Maxwell's Capacitive Co  Air            10%        ∞         100%        8
 Call Canine Familiar     Summ           Unusable   N/A       N/A         3
 Summon Ice Beast         Ice/Summ       Unusable   N/A       N/A         4

Dungeon Overview and Level Annotations

Branches:
Dungeon (7/15)             Temple (0/1) D:5          Bailey (1/1)

Altars:
Okawaru


Innate Abilities, Weirdness & Mutations

You have very sharp teeth.
Your uncanny sense of smell can sniff out nearby items.
Your experience applies equally to all skills.


Message History

Press: ? - help, Dir - look around, f - activate The walls around you are covered in ice.
The wall freezes the orc warlord but does no damage.
The orc warlord misses you.
You gain the combat prowess of a mighty hero.
The wall freezes the orc warlord but does no damage.
The orc warlord misses you.
You hit the orc warlord.
The orc warlord is poisoned.
You punch the orc warlord.
The orc warlord is lightly wounded.
The wall freezes the orc warlord but does no damage.
The orc warlord hits you with a +2 battleaxe.
You hit the orc warlord but do no damage.
The orc warlord looks as sick as possible!
The orc warlord is lightly wounded.
You hit the orc warlord but do no damage.
The orc warlord looks as sick as possible!
Your punch misses the orc warlord.
The orc warlord is lightly wounded.
The wall freezes the orc warlord!
The orc warlord hits you with a +2 battleaxe!!
You hit the orc warlord but do no damage.
The orc warlord looks as sick as possible!
The orc warlord is lightly wounded.
You hit the orc warlord.
The orc warlord looks as sick as possible!
The orc warlord is lightly wounded.
The wall freezes the orc warlord but does no damage.
The orc warlord hits you with a +2 battleaxe!
You hit the orc warlord but do no damage.
The orc warlord looks as sick as possible!
Your punch misses the orc warlord.
The orc warlord is lightly wounded.
You hit the orc warlord but do no damage.
The orc warlord looks as sick as possible!
You bite the orc warlord, but do no damage.
The orc warlord is lightly wounded.
The wall freezes the orc warlord but does no damage.
The orc warlord hits you with a +2 battleaxe!!
You die...

#..........'...†))....8
#...8......#########.))
##......####~~~#~~~##..
##.....#~~#~....."~#..
##....#~........?~#..
#...##~8.8...8.8##..
#...'~~........o#...
#...'~~....∩....#...
#[.@o~~.........#...
#...##~8.8...8.8##..
##....#~........!~#..
##)....#~~#~.....)~#).
##...)..#### ~#~~~##..
#...8......#########...
#..........'.....'....8
#..........#~~~~~#..)..
##..8..8...#~~~~~#.....


You could see an orc warlord (extremely poisoned).

Vanquished Creatures
  Maggie (D:7)
  Prince Ribbit (D:6)
  Edmund (D:6)
  A black bear (D:6)
  2 ice beasts
  An ogre (D:6)
  4 orc warriors
  A phantom (D:4)
  4 necrophages
  A gnoll sergeant (D:5)
  2 scorpions
  A howler monkey (D:7)
  2 orc priests
  2 hounds
  A gnoll bouda (D:5)
  2 iguanas
  Ijyb (D:4)
  Terence (D:2)
  5 orc wizards
  8 gnolls
  9 adders
  A white imp (D:4)
  4 ufetubi
  2 worms
  5 dart slugs
  19 orcs
  6 ball pythons
  3 endoplasms
  2 giant cockroaches
  12 hobgoblins
  2 quokkas
  8 bats
  2 frilled lizards (D:1)
  12 goblins
  19 kobolds
  7 rats
155 creatures vanquished.

Notes
Turn   | Place    | Note
-------+----------+-------------------------------------------
     0 | D:1      | wilfster70 the Gnoll Ice Elementalist began the quest for
                  | the Orb.
     0 | D:1      | Reached XP level 1. HP: 13/13 MP: 6/6
   108 | D:1      | Reached XP level 2. HP: 12/19 MP: 4/7
   332 | D:1      | Reached skill level 5 in Spellcasting
   332 | D:1      | Reached XP level 3. HP: 21/25 MP: 5/9
   540 | D:1      | Reached skill level 1 in Invocations
   594 | D:1      | Learned a level 3 spell: Frozen Ramparts
   598 | D:1      | Learned a level 3 spell: Ozocubu's Armour
   924 | D:2      | Found a faded altar of an unknown god.
   993 | D:2      | Noticed Terence
  1004 | D:2      | Killed Terence
  1005 | D:2      | Reached skill level 1 in Fighting
  1005 | D:2      | Reached skill level 1 in Short Blades
  1005 | D:2      | Reached skill level 1 in Long Blades
  1005 | D:2      | Reached skill level 1 in Axes
  1005 | D:2      | Reached skill level 1 in Maces & Flails
  1005 | D:2      | Reached skill level 1 in Polearms
  1005 | D:2      | Reached skill level 1 in Staves
  1005 | D:2      | Reached skill level 1 in Ranged Weapons
  1005 | D:2      | Reached skill level 1 in Throwing
  1005 | D:2      | Reached skill level 1 in Armour
  1005 | D:2      | Reached skill level 1 in Shields
  1005 | D:2      | Reached skill level 1 in Unarmed Combat
  1005 | D:2      | Reached skill level 1 in Evocations
  1005 | D:2      | Reached XP level 4. HP: 32/32 MP: 4/11
  1066 | D:2      | Learned a level 3 spell: Hailstorm
  1405 | D:2      | Reached skill level 1 in Conjurations
  1405 | D:2      | Reached skill level 1 in Hexes
  1405 | D:2      | Reached skill level 1 in Summonings
  1405 | D:2      | Reached skill level 1 in Necromancy
  1405 | D:2      | Reached skill level 1 in Translocations
  1405 | D:2      | Reached skill level 1 in Transmutations
  1405 | D:2      | Reached skill level 1 in Fire Magic
  1405 | D:2      | Reached skill level 1 in Air Magic
  1405 | D:2      | Reached skill level 1 in Earth Magic
  1405 | D:2      | Reached skill level 1 in Poison Magic
  1633 | D:3      | Found an iron altar of Okawaru.
  1717 | D:3      | Reached XP level 5. HP: 30/37 MP: 6/12
  1776 | D:3      | Became a worshipper of Warmaster Okawaru
  1920 | D:3      | Identified the -2 barding of the Ant {rElec rPois Regen+
                  | Dex-5}
  2819 | D:3      | Reached XP level 6. HP: 14/44 MP: 14/14
  3091 | D:4      | Identified the +9 shortbow "Xeonn" {antimagic, +Blink rF-
                  | Str+4 Dex+6}
  3094 | D:4      | Noticed Ijyb
  3107 | D:4      | Killed Ijyb
  3108 | D:4      | Reached skill level 5 in Dodging
  3273 | D:4      | Reached * piety under Okawaru
  3557 | D:5      | Entered Level 5 of the Dungeon
  3570 | D:5      | Noticed an ice beast
  3592 | D:5      | Killed an ice beast
  3593 | D:5      | Reached XP level 7. HP: 31/51 MP: 13/15
  3797 | D:5      | Reached ** piety under Okawaru
  3798 | D:5      | Reached skill level 5 in Stealth
  4135 | D:5      | Found a staircase to the Ecumenical Temple.
  4448 | D:6      | Reached XP level 8. HP: 58/58 MP: 16/16
  4751 | D:6      | Noticed Edmund
  4881 | D:6      | Noticed Prince Ribbit
  4909 | D:6      | Killed Prince Ribbit
  4919 | D:6      | Killed Edmund
  5108 | D:6      | Reached XP level 9. HP: 65/65 MP: 12/18
  5523 | D:7      | Noticed Maggie
  5547 | D:7      | Reached skill level 8 in Ice Magic
  5548 | D:7      | Killed Maggie
  5548 | D:7      | Reached *** piety under Okawaru
  5653 | D:7      | Found a flagged portal.
  5693 | Bailey   | Entered a bailey
  5699 | Bailey   | Noticed an orc warlord
  5943 | Bailey   | Found a runed translucent gate.
  5943 | Bailey   | Found a runed translucent gate.
  5965 | Bailey   | Found a runed translucent gate.
  5992 | Bailey   | Reached skill level 5 in Invocations
  6241 | Bailey   | Slain by an orc warlord

Illustrated notes

Levels and vault maps discovered:
D:1:      minmay_arrival_five_plusses, layout_rooms
D:2:      layout_basic, hellmonk_ecumenical_altar_slurped_away,
          kennysheep_generic_room_9, uniq_terence
D:3:      layout_basic, okawaru_ov_weapons_minmay
D:4:      nicolae_cairo_tiling_very_big, layout_rooms, uniq_ijyb
D:5:      layout_loops_ring, minmay_temple_entry_drinking_statues
D:6:      layout_basic, chequers_garden, hangedman_abyss_or_decor_lesser_grid,
          uniq_edmund, uniq_prince_ribbit1
D:7:      kennysheep_six_static_rooms, layout_basic, enter_bailey_5,
          uniq_duvessa, uniq_maggie
Bailey:   bailey_axe_bossmonster_kennysheep, bailey

Skill      XL: |  1  2  3  4  5  6  7  8  9 |
---------------+----------------------------+-----
Spellcasting   | 5 6 |  6.8
Invocations    | 1 2 3 4 5 |  5.0
Fighting       | 1 2 3 4 |  4.5
Short Blades   | 1 2 3 4 |  4.5
Long Blades    | 1 2 3 4 |  4.5
Axes           | 1 2 3 4 |  4.5
Maces & Flails | 1 2 3 4 |  4.5
Polearms       | 1 2 3 4 |  4.5
Staves         | 1 2 3 4 |  4.5
Ranged Weapons | 1 2 3 4 |  4.5
Throwing       | 1 2 3 4 |  4.5
Armour         | 1 2 3 4 |  4.5
Shields        | 1 2 3 4 |  4.5
Unarmed Combat | 1 2 3 4 |  4.5
Evocations     | 1 2 3 4 |  4.5
Conjurations   | 1 2 3 |  3.7
Hexes          | 1 2 3 |  3.7
Summonings     | 1 2 3 |  3.7
Necromancy     | 1 2 3 |  3.7
Translocations | 1 2 3 |  3.7
Transmutations | 1 2 3 |  3.7
Fire Magic     | 1 2 3 |  3.7
Air Magic      | 1 2 3 |  3.7
Earth Magic    | 1 2 3 |  3.7
Poison Magic   | 1 2 3 |  3.7
Dodging        | 5 6 |  6.5
Stealth        | 5 6 |  6.2
Ice Magic      | 8 |  8.1

Action                   |  1- 3 |  4- 6 |  7- 9 || total
-------------------------+-------+-------+-------++-------
Melee: Short sword       |    14 |   127 |   204 ||   345
       Bite              |       |    15 |    21 ||    36
       Punch             |       |     1 |     7 ||     8
 Cast: Freeze            |    39 |     9 |       ||    48
       Frozen Ramparts   |     4 |    13 |    21 ||    38
       Ozocubu's Armour  |       |     1 |     9 ||    10
Invok: Heroism           |       |       |     2 ||     2
Evoke: Wand              |       |     3 |     4 ||     7
  Use: Scroll            |     3 |     6 |     3 ||    12
 Stab: Sleeping          |     1 |     5 |     3 ||     9
       Distracted        |       |     1 |       ||     1
Armor: Robe              |     8 |    16 |       ||    24
       Skin              |     6 |       |       ||     6
       Ring mail         |       |    13 |    34 ||    47
       Steam dragon scal |       |       |    33 ||    33
Dodge: Dodged            |    34 |   111 |   123 ||   268

Table legend: (Time is in decaauts)
 A = Elapsed time spent in this place.
 B = Non-inter-level travel time spent in this place.
 C = Inter-level travel time spent in this place.
 D = Time resting spent in this place.
 E = Time spent auto-exploring this place.
 F = Levels seen in this place.
 G = Mean time per level.
                   A        B        C        D        E       F      G
               +--------+--------+--------+--------+--------+-----+--------+
         Total |   6193 |   6052 |    141 |   1283 |   2814 |   8 |  774.1 |
       Dungeon |   5662 |   5521 |    141 |   1038 |   2814 |   7 |  808.9 |
        Bailey |    530 |    530 |      0 |    245 |      0 |   1 |  530.0 |
               +--------+--------+--------+--------+--------+-----+--------+

Top non-repeatable levels by time:
     D:3: 1427 daAuts
     D:6: 1079 daAuts
     D:5: 868 daAuts
     D:2: 833 daAuts
     D:1: 647 daAuts
     D:4: 641 daAuts
  Bailey: 530 daAuts
     D:7: 164 daAuts
